 Dungeon Crawl Stone Soup version 0.16.0-17-g811c1d7 (console) character file.

40 gw the Grave Robber (level 3, 0/28 HPs)
             Began as a Hill Orc Necromancer on Mar 21, 2015.
             Slain by a jackal (2 damage)
             ... on level 1 of the Dungeon.
             The game lasted 00:04:34 (1549 turns).

gw the Grave Robber (Hill Orc Necromancer)          Turns: 1549, Time: 00:04:34

Health: 0/28       AC:  3    Str: 10    XL:     3   Next: 50%
Magic:  0/6        EV: 11    Int: 16    God:
Gold:   26         SH:  0    Dex: 11    Spells: 3 memorised, 1 level left

rFire  . . .     SeeInvis .     b - +0 club
rCold  . . .     Clarity  .     h - +0 leather armour
rNeg   . . .     SustAb   .     (no shield)
rPois  .         Gourm    .     (no helmet)
rElec  .         Spirit   .     (no cloak)
rCorr  .         Warding  .     (no gloves)
rMut   .         Stasis   .     (no boots)
MR     .....                    (no amulet)
Stlth  +.........               (no ring)
                                (no ring)

@: very slightly contaminated, not resistant to hostile enchantments, very
unstealthy
A: no striking features
a: no special abilities


You were on level 1 of the Dungeon.
You were not hungry.

You visited 1 branch of the dungeon, and saw 1 of its levels.

You collected 26 gold pieces.

Inventory:

Hand weapons
 b - a +0 club (weapon)
Missiles
 i - 31 stones (quivered)
Armour
 h - a +0 leather armour (worn)
Scrolls
 f - a scroll of enchant armour {unknown}
 g - 5 scrolls of identify {unknown}
Potions
 e - a potion of agility {unknown}
 k - a potion of haste {unknown}
Books
 d - a book of Necromancy

   Spells                             Type                      Level
   a - Pain                           Necromancy                   1
   b - Animate Skeleton               Necromancy                   1
   c - Vampiric Draining              Necromancy                   3
   d - Regeneration                   Charms/Necromancy            3
   e - Animate Dead                   Necromancy                   4
   f - Control Undead                 Necromancy                   4
Comestibles
 c - a meat ration
 j - a slice of pizza


   Skills:
 + Level 1.2 Fighting
 + Level 0.7 Armour
 - Level 1.5 Dodging
 - Level 1.5 Stealth
 * Level 2.3 Spellcasting
 + Level 4.2 Necromancy


You had one spell level left.
You knew the following spells:

 Your Spells              Type           Power        Failure   Level  Hunger
a - Pain                  Necr           ###.         6%          1    #......
b - Animate Skeleton      Necr           N/A          6%          1    #......
c - Vampiric Draining     Necr           ###.......   17%         3    ###....


Dungeon Overview and Level Annotations

Branches:
Dungeon (1/15)

Altars:


Message History

Your bat skeleton hits the jackal but does no damage.
The jackal barely misses you.
Your rat skeleton bites the giant cockroach.
Your bat skeleton hits the jackal but does no damage.
The giant cockroach barely misses you.
Unknown command.
Unknown command.
Unknown command.
Unknown command.
ATTACKING (-1,-1)
You closely miss the giant cockroach.
The giant cockroach is lightly wounded.
Your bat skeleton hits the jackal.
Your bat skeleton hits the jackal but does no damage.
The jackal misses you.
Your bat skeleton hits the jackal but does no damage.
The giant cockroach barely misses you.
Your rat skeleton bites the giant cockroach.
The jackal bites you.
You die...

#.# ##.####............# ##...
#Z# ##.##Z.............####....
#Z# #...ZZ..................77.
#.####.###############..##...77P
#.ZZ...#.............#..##.P77..
######.#............ #..#..77P..
#.# .....w.. #..#..P7...
#.#######s#######......777P
#.#.....ZZoZ....#.###..P.7.
##.'}....###h...}+.# #.#....
#..#......<......#.###.###.#
#.Z#..}...>...}..#.....###.#
#..###+#######'###......>..#
######Z.................#########
#ZZ..Z...............#.##
#Z#####........)..##....#######
#Z# #.#####.77.77...#.#.....#


You could see a worm, a jackal, a giant cockroach, a friendly bat skeleton, a
friendly rat skeleton and a friendly goblin skeleton.

Table legend:
 A = Turns spent in this place as a percentage of turns spent in the entire game.
 B = Non-inter-level travel turns spent in this place as a percentage of non-inter-level travel turns spent in the entire game.
 C = Inter-level travel turns spent in this place as a percentage of turns spent in this place.
 D = Turns resting spent in this place as a percentage of non-inter-level travel turns spent in this place.
 E = Turns spent auto-exploring this place as a percentage of non-inter-level travel turns spent in this place.
 F = Non-inter-level travel turns spent in this place divided by the number of levels of this place that you've seen.
                   A       B       C       D       E      F
               +-------+-------+-------+-------+-------+----------------------
         Total | 100.0 | 100.0 |   0.3 |   2.0 |   4.1 | 5008.0
       Dungeon | 100.0 | 100.0 |   0.3 |   2.0 |   4.1 | 5008.0
               +-------+-------+-------+-------+-------+----------------------

Table legend:
 A = Kills in this place as a percentage of kills in entire the game.
 B = Kills by you in this place as a percentage of kills by you in the entire game.
 C = Kills by friends in this place as a percentage of kills by friends in the entire game.
 D = Other kills in this place as a percentage of other kills in the entire game.
 E = Experience gained in this place as a percentage of experience gained in the entire game.
 F = Experience gained in this place divided by the number of levels of this place that you have seen.
                   A       B       C       D       E      F
               +-------+-------+-------+-------+-------+----------------------
         Total | 100.0 | 100.0 | 100.0 |  -nan | 100.0 |  58.0
       Dungeon | 100.0 | 100.0 | 100.0 |  -nan | 100.0 |  58.0
               +-------+-------+-------+-------+-------+----------------------

Vanquished Creatures
  2 giant geckos (D:1)
  3 oozes (D:1)
  A ball python (D:1)
  7 giant cockroaches (D:1)
  3 hobgoblins (D:1)
  A jackal (D:1)
  3 bats (D:1)
  A giant newt (D:1)
  5 goblins (D:1)
  2 kobolds (D:1)
  6 rats (D:1)
34 creatures vanquished.

Vanquished Creatures (collateral kills)
  An ooze (D:1)
  A hobgoblin (D:1)
  A jackal (D:1)
  2 rats (D:1)
  A plant (D:1)
6 creatures vanquished.

Vanquished Creatures (others)
  A bat skeleton (D:1)
  A ball python skeleton (D:1)
  2 goblin skeletons (D:1)
  A kobold skeleton (D:1)
  A rat skeleton (D:1)
6 creatures vanquished.

Grand Total: 46 creatures vanquished

Notes
Turn   | Place    | Note
--------------------------------------------------------------
     0 | D:1      | gw, the Hill Orc Necromancer, began the quest for the Orb.
     0 | D:1      | Reached XP level 1. HP: 14/14 MP: 2/2
     2 | D:1      | Learned a level 1 spell: Animate Skeleton
     3 | D:1      | Found a runed door.
   569 | D:1      | Reached XP level 2. HP: 17/20 MP: 0/3
  1019 | D:1      | Reached skill level 1 in Fighting
  1308 | D:1      | Reached XP level 3. HP: 24/28 MP: 0/6
  1372 | D:1      | Learned a level 3 spell: Vampiric Draining
  1549 | D:1      | Slain by a jackal

Action                   || total
-------------------------++-------
Melee: Club              ||    45
 Cast: Pain              ||    43
       Animate Skeleton  ||     9
  Eat: Chunk             ||     3

Vault maps used:
D:1:      dpeg_arrival_caged_fury, serial_forest, infiniplex_forest_clump_tiny,
          infiniplex_forest_clump_tiny, infiniplex_forest_clump_C,
          infiniplex_forest_clump_tiny, infiniplex_forest_lined_3,
          infiniplex_forest_straight_4, infiniplex_forest_lined_corner,
          minmay_misc_feat_pillars
